 Dungeon Crawl Stone Soup version 0.30-a0-738-g116ff8c4af (webtiles) character file.

Game seed: 2651343398927257775

1168 FlurksSlurper the Sneak (level 8, -1/72 HPs)
             Began as a Deep Dwarf Delver on Mar 16, 2022.
             Slain by Maggie
             ... wielding a +0 halberd
              (5 damage)
             ... on level 6 of the Dungeon on Feb 3, 2023.
             The game lasted 00:15:23 (4592 turns).

FlurksSlurper the Sneak (Deep Dwarf Delver)         Turns: 4592, Time: 00:15:24

Health: -1/72      AC:  7    Str: 18 (21) XL:     8   Next: 17%
Magic:  15/15 (6)  EV:  4    Int:  9 (12) God:
Gold:   249        SH: 18    Dex: 13 (14) Spells: 7/7 levels left

rFire   + . .      SeeInvis .    t - +3 short sword of Prudence {freeze, Str+4}
rCold   + . .      Faith    .    x - +1 tower shield
rNeg    . . .      Spirit   .    k - +0 chain mail
rPois   +          Reflect  +    (no helmet)
rElec   +          Harm     .    (no cloak)
rCorr   +          Rampage  .    (no gloves)
Will    +....                    j - +0 pair of boots
Stlth   +                        y - amulet of reflection
HPRegen 0.00/turn                u - ring of magical power
MPRegen 0.14/turn                (no ring)

@: brilliant, resistant, mesmerised
A: damage resistance, heal wounds, sense surroundings 1, no regeneration,
deformed body, shaggy fur 1, MP-powered wands
a: Heal Wounds


You were on level 6 of the Dungeon.
You visited 1 branch of the dungeon, and saw 6 of its levels.

You collected 249 gold pieces.

Inventory:

Hand Weapons
 a - a +1 hand axe
 t - the +3 short sword of Prudence (weapon) {freeze, Str+4}
   (You found it on level 2 of the Dungeon)

   Str:       It affects your strength (+4).
 B - the +4 rapier "Fiwagioz" {protect, rC- rN++ Dex-4 SInv}
   (You found it on level 4 of the Dungeon)

   Dex:       It affects your dexterity (-4).
   rC:        It makes you vulnerable to cold.
   rN:        It greatly protects you from negative energy.
   SInv:      It lets you see invisible.
Missiles
 l - 3 boomerangs
 n - 12 poisoned darts
Armour
 j - a +0 pair of boots (worn)
 k - a +0 chain mail (worn)
 x - a +1 tower shield (worn)
Magical Staves
 r - a staff of cold
Jewellery
 u - a ring of magical power (left hand)
 y - an amulet of reflection (around neck)
Wands
 g - a wand of digging (3)
Scrolls
 b - a scroll of vulnerability {unknown}
 c - 2 scrolls of fog
 d - 2 scrolls of magic mapping
 e - 4 scrolls of fear
 p - 7 scrolls of identify
 w - 2 scrolls of enchant armour
 A - a scroll of amnesia
Potions
 f - a potion of haste
 h - a potion of curing
 v - a potion of brilliance
 z - a potion of cancellation


   Skills:
 + Level 3.9 Fighting
 + Level 3.5 Short Blades
 + Level 3.8 Axes
 + Level 0.9 Throwing
 + Level 4.4 Armour
 + Level 4.1 Dodging
 + Level 7.7 Stealth
 + Level 3.8 Shields


You had 7 spell levels left.
You didn't know any spells.
Your spell library contained the following spells:

 Spells                   Type           Power      Damage    Failure   Level
 Foxfire                  Conj/Fire      0%         2x1d4     100%        1
 Gell's Gravitas          Tloc           0%         N/A       100%        3
 Inner Flame              Hex/Fire       0%         N/A       100%        3
 Summon Guardian Golem    Hex/Summ       0%         N/A       100%        3
 Teleport Other           Tloc           0%         N/A       100%        3
 Flame Wave               Conj/Fire      0%         2d4       100%        4
 Olgreb's Toxic Radiance  Pois           0%         N/A       100%        4
 Dispersal                Tloc           0%         N/A       100%        6
 Orb of Destruction       Conj           0%         9d5       100%        7
 Ozocubu's Refrigeration  Ice            0%         4d7       100%        7
 Spellforged Servitor     Conj/Summ      0%         N/A       100%        7
 Disjunction              Tloc           0%         N/A       100%        8
 Ignition                 Fire           0%         3d3       100%        8


Dungeon Overview and Level Annotations

Branches:
Dungeon (6/15)
 Temple: D:4-7

Altars:
Fedhas
Xom

Annotations:
D:4 exclusion: oklob plant
D:5 3 runed translucent doors, Dabor's ghost, novice GrFi; Tutankhamun's ghost, amateur BaFi; Tutankhamun's ghost, amateur DsGl; iamserjio's ghost, novice OpTm
D:6 Maggie


Innate Abilities, Weirdness & Mutations

You are resistant to damage.
You can heal yourself by infusing magical energy.
You passively map a small area around you.
You do not regenerate.
Armour fits poorly on your strangely shaped body.
You are covered in fur. (AC +1)
You expend magic power (3 MP) to strengthen your wands.


Message History

Maggie attempts to bespell you! You resist with almost no effort.
You barely miss Maggie. Maggie hits you with a +0 halberd!
* * * LOW HITPOINT WARNING * * *
You feel much better. You block Maggie's attack.
You closely miss Maggie.
Maggie mumbles some strange words.
Maggie attempts to bespell you! You resist with some effort.
You hit Maggie. You freeze Maggie.
Maggie is lightly wounded.
You block Maggie's attack.
You hit Maggie but do no damage.
Maggie is lightly wounded.
You block Maggie's attack.
You hit Maggie. You freeze Maggie.
Maggie is lightly wounded.
You block Maggie's attack. Maggie hits you with a +0 halberd!
You hit Maggie but do no damage.
Maggie is lightly wounded.
You block Maggie's attack.
You closely miss Maggie.
Maggie is lightly wounded.
You block Maggie's attack.
You barely miss Maggie.
Maggie is lightly wounded.
Maggie hits you with a +0 halberd!
* * * LOW HITPOINT WARNING * * *
You hit Maggie but do no damage.
Maggie is lightly wounded.
Maggie gestures wildly while chanting.
Maggie attempts to bespell you!
You are mesmerised by Maggie!
You hit Maggie. You freeze Maggie.
Maggie is moderately wounded.
Maggie hits you with a +0 halberd!
* * * LOW HITPOINT WARNING * * *
You block Maggie's attack.
You barely miss Maggie.
Maggie is moderately wounded.
Maggie hits you with a +0 halberd.
You die...

, #.######.# #.#
, #.....>..####.#
,, , * *
#.............# *
*,#.#############
* ,#.# , ### #.#
, , .... ,#.#
.....,#.#
..@...#@# * #.@.#
, , #.### * #. *
#**


You could see Maggie (mesmerising).

Vanquished Creatures
  A water moccasin (D:5)
  2 black bears
  An ogre (D:6)
  A centaur (D:6)
  A kobold brigand (D:3)
  A scorpion (D:4)
  A howler monkey (D:4)
  3 hounds (D:5)
  2 jellies
  An orc priest (D:5)
  4 iguanas
  3 orc wizards
  7 adders
  An ufetubus (D:5)
  4 worms
  2 dart slugs
  12 orcs
  10 ball pythons
  9 endoplasms
  A giant cockroach (D:1)
  8 goblins
  8 hobgoblins
  9 jackals
  3 quokkas
  7 bats
  5 frilled lizards (D:1)
  3 kobolds
  10 rats
120 creatures vanquished.

Vanquished Creatures (others)
  An endoplasm (D:1)
  2 withered plants (D:5)
3 creatures vanquished.

Grand Total: 123 creatures vanquished

Notes
Turn   | Place    | Note
-------+----------+-------------------------------------------
     0 | D:5      | FlurksSlurper the Deep Dwarf Delver began the quest for the
                  | Orb.
     0 | D:5      | Reached XP level 1. HP: 20/20 MP: 1/1
    37 | D:5      | Noticed a water moccasin
    61 | D:5      | Noticed a hound
   113 | D:5      | Killed a hound
   114 | D:5      | Reached skill level 1 in Armour
   114 | D:5      | Reached XP level 2. HP: 21/27 MP: 2/2
   114 | D:5      | Reached XP level 3. HP: 26/33 MP: 3/3
   325 | D:5      | Reached XP level 4. HP: 19/42 MP: 3/3
   526 | D:3      | Noticed a black bear
   529 | D:3      | Noticed a kobold brigand
   830 | D:2      | Reached XP level 5. HP: 35/49 MP: 4/4
  1337 | D:2      | Reached skill level 7 in Stealth
  1488 | D:2      | Identified the +3 short sword of Prudence {freeze, Str+4}
  2548 | D:3      | Found a faded altar of an unknown god.
  2560 | D:3      | Found a shimmering altar of Xom.
  2593 | D:3      | Killed a black bear
  2594 | D:3      | Reached skill level 1 in Short Blades
  2594 | D:3      | Reached XP level 6. HP: 33/56 MP: 4/4
  2727 | D:3      | Reached skill level 1 in Shields
  2866 | D:4      | Identified the +4 rapier "Fiwagioz" {protect, rC- rN++
                  | Dex-4 SInv}
  2999 | D:4      | Gained mutation: Armour fits poorly on your strangely
                  | shaped body. [potion of mutation]
  2999 | D:4      | Gained mutation: You are covered in fur. (AC +1) [potion of
                  | mutation]
  2999 | D:4      | Gained mutation: You expend magic power (3 MP) to
                  | strengthen your wands. [potion of mutation]
  3084 | D:4      | Reached XP level 7. HP: 23/62 MP: 5/5
  3282 | D:4      | Found a blossoming altar of Fedhas.
  3304 | D:4      | Noticed an oklob plant
  3643 | D:5      | Found a runed translucent gate.
  3644 | D:5      | Found a runed translucent gate.
  3684 | D:5      | Found a runed translucent gate.
  3686 | D:5      | Noticed Tutankhamun's ghost (amateur DsGl)
  3686 | D:5      | Noticed iamserjio's ghost (novice OpTm)
  3689 | D:5      | Noticed Tutankhamun's ghost (amateur BaFi)
  3689 | D:5      | Noticed Dabor's ghost (novice GrFi)
  3736 | D:5      | Upgraded the game from 0.29-a0-286-g41199d4a87 to
                  | 0.30-a0-738-g116ff8c4af
  4450 | D:6      | Reached XP level 8. HP: 19/72 MP: 6/6
  4574 | D:6      | Noticed Maggie
  4581 | D:6      | HP: 2/72 [Maggie/+0 halberd (8)]
  4592 | D:6      | Slain by Maggie

Illustrated notes

Levels and vault maps discovered:
D:1:      dpeg_arrival_arbitrary_c, layout_basic, lemuel_flame_loot_1
D:2:      layout_basic, chequers_arboretum, nicolae_elevator_lobby_asterisk
D:3:      layout_loops_ring, lemuel_crystal_altar,
          shapermc_ecumenical_altar_pompeii, st_stairs_4, kennysheep_donut
D:4:      layout_basic, tgw_fedhas
D:5:      layout_cave_pods, gammafunk_ghost_cemetery
D:6:      layout_basic, trog_ov_bears_minmay, minmay_fire_ice_demons,
          uniq_edmund, uniq_maggie

Skill      XL: |  1  2  3  4  5  6  7 |
---------------+----------------------+-----
Armour         | 1 2 3 4 |  4.4
Fighting       | 3 |  3.9
Axes           | 3 |  3.8
Stealth        | 7 |  7.7
Dodging        | 3 4 |  4.1
Short Blades   | 1 2 3 |  3.5
Shields        | 2 3 |  3.8
Throwing       | |  0.9

Action                     |  1- 3 |  4- 6 |  7- 9 || total
---------------------------+-------+-------+-------++-------
  Melee: Hand axe          |    50 |   122 |       ||   172
         Punch             |     1 |       |       ||     1
         Short sword       |       |   153 |   115 ||   268
  Throw: Dart              |       |     6 |     4 ||    10
Ability: Heal Wounds       |     2 |     3 |     2 ||     7
    Use: Potion            |       |     4 |     4 ||     8
         Scroll            |       |       |     6 ||     6
   Stab: Sleeping          |       |    10 |     3 ||    13
         Distracted        |       |     1 |       ||     1
 Armour: Leather armour    |     9 |       |       ||     9
         Ring mail         |       |    82 |     9 ||    91
         Chain mail        |       |       |    32 ||    32
  Dodge: Dodged            |    44 |   162 |    19 ||   225
  Block: Tower shield      |       |    54 |    96 ||   150
         Other             |       |     4 |       ||     4
         Reflection        |       |     2 |     4 ||     6

Table legend: (Time is in decaauts)
 A = Elapsed time spent in this place.
 B = Non-inter-level travel time spent in this place.
 C = Inter-level travel time spent in this place.
 D = Time resting spent in this place.
 E = Time spent auto-exploring this place.
 F = Levels seen in this place.
 G = Mean time per level.
                   A        B        C        D        E       F      G
               +--------+--------+--------+--------+--------+-----+--------+
         Total |   4688 |   4514 |    174 |     22 |   2780 |   6 |  781.3 |
       Dungeon |   4688 |   4514 |    174 |     22 |   2780 |   6 |  781.3 |
               +--------+--------+--------+--------+--------+-----+--------+

Top non-repeatable levels by time:
     D:5: 1022 daAuts
     D:2: 938 daAuts
     D:3: 888 daAuts
     D:4: 765 daAuts
     D:1: 677 daAuts
     D:6: 395 daAuts
